 Dungeon Crawl Stone Soup version 0.28.0-43-g3370ac3207 (webtiles) character file.

Game seed: 6973447478069230659

64 pkoi the Chiller (level 3, -4/19 HPs)
             Began as a Deep Elf Ice Elementalist on Mar 7, 2022.
             Slain by a worm (9 damage)
             ... on level 2 of the Dungeon.
             The game lasted 00:03:50 (2230 turns).

pkoi the Chiller (Deep Elf Ice Elementalist)        Turns: 2230, Time: 00:03:51

Health: -4/19      AC:  3    Str:  5    XL:     3   Next: 91%
Magic:  7/10       EV: 13    Int: 21    God:
Gold:   51         SH:  0    Dex: 15    Spells: 5/9 levels left

rFire   . . .      SeeInvis .   b - +0 short sword
rCold   . . .      Faith    .   (no shield)
rNeg    . . .      Spirit   .   a - +1 robe
rPois   .          Reflect  .   (no helmet)
rElec   .          Harm     .   (no cloak)
rCorr   .          Rampage  .   (no gloves)
Will    .....                   (no boots)
Stlth   ++........              (no amulet)
HPRegen 0.06/turn               (no ring)
MPRegen 0.12/turn               (no ring)

@: freezing walls, hasted, very quick
A: no striking features
a: no special abilities


You were on level 2 of the Dungeon.
You visited 1 branch of the dungeon, and saw 2 of its levels.

You collected 51 gold pieces.

Inventory:

Hand Weapons
 b - a +0 short sword (weapon)
Armour
 a - a +1 robe (worn)
Scrolls
 e - a scroll of identify


   Skills:
 - Level 2.8 Dodging
 - Level 2.9 Stealth
 + Level 3.8 Spellcasting
 * Level 5.4 Ice Magic


You had 5 spell levels left.
You knew the following spells:

 Your Spells              Type           Power      Damage    Failure   Level
a - Freeze                Ice            100%       1d11      1%          1
b - Frozen Ramparts       Ice            52%        1d7       4%          3

Your spell library contained the following spells:

 Spells                   Type           Power      Damage    Failure   Level
 Ozocubu's Armour         Ice            26%        N/A       4%          3
 Hailstorm                Conj/Ice       15%        3d5       36%         4


Dungeon Overview and Level Annotations

Branches:
Dungeon (2/15)

Altars:


Message History

It is a scroll of identify.
f - a potion of degeneration
As you read the scroll labelled TOSATW EPHUU, it crumbles to dust.
You assume a fearsome visage.
Nothing appears to happen.
It was a scroll of fear.
You drop a potion of degeneration.
It was a potion of heal wounds.
You feel much better.
It was a potion of haste.
You feel yourself speed up.
It was a potion of curing.
You feel better.
A worm comes into view.
A worm is nearby!
A worm is nearby!
A worm is nearby!
An endoplasm comes into view.
Found a book of Geomancy.
The helpless worm fails to defend itself.
You puncture the worm!
The worm is heavily wounded.
You barely miss the worm.
The worm is heavily wounded.
The worm bites you.
* * * LOW HITPOINT WARNING * * *
You are too injured to fight recklessly!
Casting: Frozen Ramparts (quite dangerous; 4% risk of failure)
Confirm with . or Enter, or press ? or * to list all spells.
The spell is quite dangerous to miscast (4% risk of failure)!
Continue anyway?
Casting: Frozen Ramparts (quite dangerous; 4% risk of failure)
Press: ? - help, Dir - look around, f - activate The walls around you are covered in ice.
You hit the worm.
The worm is heavily wounded.
The wall freezes the worm.
The worm bites you!
* * * LOW HITPOINT WARNING * * *
Unknown command.
You hit the worm.
The worm is severely wounded.
You barely miss the worm.
The worm is severely wounded.
The wall freezes the worm.
The worm bites you!
You die...

. #..# #.#..#.#.##...
.. ...#
#...........##
##..#....(.... #
#..#.###..>.# # ##.
###..#......#..
#.#..##
#....##.###.###
#...... #.##.##.# #.#
#..w###.#.†...# #..
#...@##.#.....# ##..
#:............#####..
#....................
#............!#####..
#........######
#........# #........#
#........# #.......J#


You could see a worm.

Vanquished Creatures
  A gnoll (D:1)
  An adder (D:2)
  5 ball pythons (D:1)
  3 endoplasms
  2 giant cockroaches
  4 goblins
  3 hobgoblins
  2 quokkas
  5 bats
  6 frilled lizards
  5 kobolds
  5 rats
42 creatures vanquished.

Notes
Turn   | Place    | Note
-------+----------+-------------------------------------------
     0 | D:1      | pkoi the Deep Elf Ice Elementalist began the quest for the
                  | Orb.
     0 | D:1      | Reached XP level 1. HP: 10/10 MP: 6/6
    22 | D:1      | Reached XP level 2. HP: 15/15 MP: 4/8
   276 | D:1      | Found a faded altar of an unknown god.
   660 | D:1      | Reached XP level 3. HP: 19/19 MP: 9/9
   669 | D:1      | Reached skill level 5 in Ice Magic
   933 | D:1      | Learned a level 3 spell: Frozen Ramparts
  2230 | D:2      | Slain by a worm

Illustrated notes

Levels and vault maps discovered:
D:1:      grunt_arrival_lava_bath, layout_rooms,
          hellmonk_ecumenical_altar_pennies_from_heaven
D:2:      layout_rooms, serial_bayou_crossing

Skill      XL: |  1  2  3 |
---------------+----------+-----
Ice Magic      | 5 |  5.4
Dodging        | |  2.8
Stealth        | |  2.9
Spellcasting   | |  3.8

Action                   || total
-------------------------++-------
Melee: Short sword       ||    46
 Cast: Freeze            ||    27
       Frozen Ramparts   ||     7
  Use: Scroll            ||     4
       Potion            ||     3
 Stab: Sleeping          ||     5
Armor: Robe              ||    14
Dodge: Dodged            ||    49
